 Dungeon Crawl Stone Soup version 0.28-a0-863-g8cecda6153 (webtiles) character file.

Game seed: 15177871259364172747

260 Twinkles the Ducker (level 5, 0/28 HPs)
             Began as a Spriggan Abyssal Knight on Nov 16, 2021.
             Was a Believer of Lugonu.
             Slain by an orc priest (3 damage)
             ... on level 6 of the Dungeon.
             The game lasted 00:27:44 (8906 turns).

Twinkles the Ducker (Spriggan Abyssal Knight)       Turns: 8906, Time: 00:27:45

Health: 0/28       AC:  2    Str: 10    XL:     5   Next: 95%
Magic:  0/8        EV: 19    Int: 11    God:    Lugonu [**....]
Gold:   175        SH:  0    Dex: 16    Spells: 4/4 levels left

rFire   + . .      SeeInvis +   b - +0 dagger
rCold   . . .      Faith    .   (shield restricted)
rNeg    . . .      Spirit   +   e - +0 robe
rPois   .          Reflect  .   (helmet restricted)
rElec   .          Harm     .   (no cloak)
rCorr   .          Rampage  .   (gloves unavailable)
Will    .....                   (boots unavailable)
Stlth   +++.......              r - amulet of guardian spirit
HPRegen 0.09/turn               k - ring of protection from fire
MPRegen 0.11/turn               (no ring)

@: very quick
A: very small, no large weapons, unfitting armour, see invisible, speed 3
a: Renounce Religion, Depart the Abyss, Bend Space


You were on level 6 of the Dungeon.
You worshipped Lugonu.
Lugonu was pleased with you.
You visited 1 branch of the dungeon, and saw 6 of its levels.
You visited the Abyss 1 time.

You collected 175 gold pieces.

Inventory:

Hand Weapons
 a - a +1 falchion
 b - a +0 dagger (weapon)
Missiles
 i - a boomerang of dispersal
 j - a throwing net
 s - 133 stones (quivered)
Armour
 e - a +0 robe (worn)
Jewellery
 k - a ring of protection from fire (left hand)
 r - an amulet of guardian spirit (around neck)
Scrolls
 c - a scroll of immolation {unknown}
 f - a scroll of fog {unknown}
 h - a scroll of amnesia {unknown}
 l - a scroll of summoning {unknown}
 m - a scroll of vulnerability {unknown}
 o - a scroll of fear {unknown}
 p - a scroll of noise {unknown}
 D - a scroll of blinking
 Y - 4 scrolls of teleportation
 Z - 2 scrolls of identify
Potions
 d - a potion of magic {unknown}
 g - a potion of mutation {unknown}
 n - a potion of brilliance {unknown}
 q - a potion of curing {unknown}
 t - a potion of haste {unknown}


   Skills:
 + Level 3.2 Fighting
 + Level 2.6 Long Blades
 + Level 4.7 Dodging
 + Level 4.0 Stealth
 + Level 3.2 Invocations


You had 4 spell levels left.
You didn't know any spells.
Your spell library was empty.

Dungeon Overview and Level Annotations

Branches:
Dungeon (6/15)
 Temple: D:4-7

Altars:

Annotations:
D:4 exclusion: phantom
D:5 Dowan, Duvessa


Innate Abilities, Weirdness & Mutations

You are very small and have problems with some larger weapons.
You are too small for most types of armour.
You have supernaturally acute eyesight. (SInv)
You cover ground extremely quickly. (Speed+++)


Message History

You hit the orc priest but do no damage.
The orc priest is lightly wounded.
The orc priest misses you.
You hit the orc priest but do no damage.
The orc priest is lightly wounded.
The orc priest hits you with a +0 mace.
You hit the orc priest.
The orc priest is moderately wounded.
The orc priest mumbles some strange prayers to Beogh against you.
Beogh smites you!
You hear a shout! x2
You hit the orc priest.
The orc priest is moderately wounded.
The orc priest barely misses you.
You hit the orc priest but do no damage.
The orc priest is moderately wounded.
The orc priest hits you with a +0 mace!
* * * LOW HITPOINT WARNING * * *
You hit the orc priest.
The orc priest is heavily wounded.
The orc priest closely misses you.
You barely miss the orc priest.
The orc priest is heavily wounded.
You hit the orc priest.
The orc priest is heavily wounded.
The orc priest hits you with a +0 mace.
* * * LOW HITPOINT WARNING * * *
You hit the orc priest.
The orc priest is severely wounded.
The orc priest misses you.
You barely miss the orc priest.
The orc priest is severely wounded.
The orc priest closely misses you.
You barely miss the orc priest.
The orc priest is severely wounded.
The orc priest looks braver for a moment.
You hit the orc priest.
The orc priest is almost dead.
The orc priest hits you with a +0 mace.
You die...

#.# #[######### ..
#.#.......# o#
#.#.#####.# o#
##.#.# #.# o#
#..#.#####.# o#
#.##.....#.# .#
#)######.#.#######.#
#.######........@oo#
#........###########
##########


You could see an orc priest and an orc.

Vanquished Creatures
  A scorpion (D:3)
  An iguana (D:4)
  4 gnolls (D:2)
  3 adders
  2 worms
  4 dart slugs
  5 orcs
  8 ball pythons
  3 bats
  5 endoplasms
  A giant cockroach (D:1)
  8 goblins
  8 hobgoblins
  20 jackals
  4 kobolds
  4 quokkas
  2 frilled lizards
  6 rats
89 creatures vanquished.

Vanquished Creatures (others)
  A plant (D:1)
1 creature vanquished.

Grand Total: 90 creatures vanquished

Notes
Turn   | Place    | Note
-------+----------+-------------------------------------------
     0 | Abyss:1  | Twinkles the Spriggan Abyssal Knight began the quest for
                  | the Orb.
     0 | Abyss:1  | Reached XP level 1. HP: 11/11 MP: 3/3
    36 | Abyss:1  | Noticed a smoke demon
    36 | Abyss:1  | Noticed a starcursed mass
    47 | Abyss:1  | Found a corrupted altar of Lugonu.
    90 | Abyss:1  | Noticed a worldbinder
    95 | Abyss:1  | Noticed a thrashing horror
   111 | Abyss:1  | Noticed a large abomination
   111 | Abyss:1  | Noticed a small abomination
   118 | Abyss:1  | Noticed a chaos spawn
   161 | Abyss:1  | Noticed an iron giant zombie
   173 | Abyss:1  | Noticed a large abomination
   175 | Abyss:1  | Noticed a large abomination
   181 | Abyss:1  | Noticed a small abomination
   190 | Abyss:1  | Noticed a small abomination
   216 | Abyss:1  | Noticed a thrashing horror
   226 | Abyss:1  | Noticed a ynoxinul
   238 | Abyss:1  | Noticed a raiju
   242 | Abyss:1  | HP: 2/11 [raiju/living lightning (9)]
   243 | D:1      | Escaped the Abyss
   604 | D:1      | Reached * piety under Lugonu
   646 | D:1      | HP: 3/11 [goblin (2)]
   647 | D:1      | Reached skill level 1 in Stealth
   647 | D:1      | Reached XP level 2. HP: 5/16 MP: 4/4
   991 | D:1      | Found a faded altar of an unknown god.
  1424 | D:1      | Reached XP level 3. HP: 19/19 MP: 5/5
  1531 | D:1      | HP: 5/19 [jackal (3)]
  2266 | D:2      | Reached ** piety under Lugonu
  2485 | D:2      | Reached XP level 4. HP: 12/23 MP: 6/6
  3065 | D:1      | HP: 6/23 [poisoned by an adder]
  3514 | D:1      | HP: 6/23 [poisoned by an adder]
  3519 | D:1      | HP: 3/23 [poisoned by an adder]
  5658 | D:4      | Noticed a phantom
  5777 | D:4      | Reached XP level 5. HP: 26/28 MP: 6/8
  5979 | D:4      | HP: 2/28 [iguana (7)]
  6698 | D:4      | Upgraded the game from 0.28-a0-861-ge64d6db94f to
                  | 0.28-a0-863-g8cecda6153
  6780 | D:4      | Noticed a sky beast
  6933 | D:4      | Reached *** piety under Lugonu
  7715 | D:5      | Entered Level 5 of the Dungeon
  7715 | D:5      | Noticed an ogre
  7833 | D:5      | Noticed Dowan
  7977 | D:5      | Noticed a sky beast
  8059 | D:5      | Noticed Duvessa
  8272 | D:6      | Noticed an ice beast
  8436 | D:6      | HP: 1/28 [ice beast (11)]
  8899 | D:6      | HP: 5/28 [orc priest (7)]
  8906 | D:6      | Slain by an orc priest

Illustrated notes

Levels and vault maps discovered:
D:1:      sevenhm_arrival_forest_fort_small_4, layout_basic,
          ebering_ecumenical_altar_hall, minmay_misc_feat_pillars, st_stairs_11,
          nicolae_concentric_dashed_squares_mild
D:2:      cheibrodos_helix_gallery, layout_loops_ring, patterned_corridor
D:3:      layout_basic, minmay_misc_feat_cross
D:4:      layout_basic
D:5:      layout_layer_cave, minmay_temple_entry_proselytizer, st_stairs_3,
          chequers_decorated_corner, grunt_ministairs_13, uniq_blork_the_orc,
          uniq_duvessa, uniq_ijyb, uniq_prince_ribbit1
D:6:      layout_basic, serial_glass, glass_columns_b, glass_columns_a

Skill      XL: |  1  2  3  4  5 |
---------------+----------------+-----
Stealth        | 1 2 3 4 |  4.0
Invocations    | 2 3 |  3.2
Long Blades    | 2 |  2.6
Dodging        | 4 |  4.7
Fighting       | 3 |  3.2

Action                   |  1- 3 |  4- 6 || total
-------------------------+-------+-------++-------
Melee: Falchion          |   130 |   227 ||   357
       Dagger            |       |    35 ||    35
Throw: Stone             |     1 |     1 ||     2
Invok: Depart the Abyss  |     1 |       ||     1
       Bend Space        |       |     1 ||     1
  Use: Scroll            |       |     3 ||     3
 Stab: Sleeping          |     2 |    12 ||    14
Armor: Robe              |    14 |    21 ||    35
Dodge: Dodged            |   165 |   228 ||   393

Table legend: (Time is in decaauts)
 A = Elapsed time spent in this place.
 B = Non-inter-level travel time spent in this place.
 C = Inter-level travel time spent in this place.
 D = Time resting spent in this place.
 E = Time spent auto-exploring this place.
 F = Levels seen in this place.
 G = Mean time per level.
                   A        B        C        D        E       F      G
               +--------+--------+--------+--------+--------+-----+--------+
         Total |   7236 |   6897 |    339 |   1955 |   3414 |   7 | 1033.7 |
       Dungeon |   7089 |   6750 |    339 |   1955 |   3394 |   6 | 1181.5 |
         Abyss |    146 |    146 |      0 |      0 |     20 |   1 |  146.0 |
               +--------+--------+--------+--------+--------+-----+--------+

Top non-repeatable levels by time:
     D:1: 2543 daAuts
     D:4: 1527 daAuts
     D:3: 1184 daAuts
     D:2: 928 daAuts
     D:5: 464 daAuts
     D:6: 442 daAuts
 Abyss:1: 146 daAuts
